 Dungeon Crawl Stone Soup version 0.30-a0-779-g7971cf19c3 (webtiles) character file.

Game seed: 3860606909883521394

55 DskReedErrur the Insei (level 3, -1/26 HPs)
             Began as a Demonspawn Transmuter on Feb 17, 2023.
             Slain by an orc
             ... wielding a +0 trident
              (7 damage)
             ... on level 3 of the Dungeon.
             The game lasted 00:18:21 (2005 turns).

DskReedErrur the Insei (Demonspawn Transmuter)      Turns: 2005, Time: 00:18:22

Health: -1/26      AC:  2    Str: 12    XL:     3   Next: 67%
Magic:  3/6        EV: 17    Int: 14    God:
Gold:   41         SH:  0    Dex: 13    Spells: 0/6 levels left

rFire   . . .      SeeInvis .    g - +1 dagger (venom)
rCold   . . .      Faith    .    (no shield)
rNeg    . . .      Spirit   .    a - +0 robe
rPois   .          Reflect  .    (helmet currently unavailable)
rElec   .          Harm     .    (no cloak)
rCorr   .          Rampage  .    (no gloves)
Will    .....                    (boots currently unavailable)
Stlth   +                        (no amulet)
HPRegen 0.24/turn                i - +5 ring of evasion
MPRegen 0.10/turn                (no ring)

@: appendages, attractive
A: horns 2, talons 2, foul stench 1, weakness stinger 1
a: End Transformation


You were on level 3 of the Dungeon.
You had temporarily grown beastly horns and talons.
You visited 1 branch of the dungeon, and saw 3 of its levels.

You collected 41 gold pieces.

Inventory:

Hand Weapons
 g - a +1 dagger of venom (weapon)
Armour
 a - a +0 robe (worn)
 e - a +1 helmet (melded)
Jewellery
 i - a +5 ring of evasion (left hand)
Scrolls
 c - a scroll of immolation {unknown}
 f - a scroll of teleportation
 j - a scroll of identify
Potions
 b - a potion of lignification
 h - a potion of haste


   Skills:
 - Level 1.0 Fighting
 - Level 2.1 Dodging
 - Level 2.7 Unarmed Combat
 - Level 2.2 Spellcasting
 * Level 2.5 Transmutations
 * Level 1.9 Poison Magic


You couldn't memorise any spells.
You knew the following spells:

 Your Spells              Type           Power      Damage    Failure   Level
a - Beastly Appendage     Tmut           16%        N/A       9%          1
b - Wereblood             Tmut           8%         N/A       12%         2
c - Spider Form           Tmut/Pois      7%         N/A       28%         3

Your spell library contained the following spells:

 Spells                   Type           Power      Damage    Failure   Level
 Static Discharge         Conj/Air       2%         2-3/arc   34%         2
 Vhi's Electric Charge    Tloc/Air       2%         N/A       56%         3
 Ice Form                 Ice/Tmut       5%         N/A       80%         4
 Arcjolt                  Conj/Air       0%         1d10      100%        5
 Lightning Bolt           Conj/Air       0%         1d11      100%        5


Dungeon Overview and Level Annotations

Branches:
Dungeon (3/15)

Altars:


Innate Abilities, Weirdness & Mutations

You have temporarily grown beastly horns and talons.
You may rarely emit foul miasma when damaged in melee.
You have a small tail.


Message History

Confirm with . or Enter, or press ? or * to list all spells.
You don't know that spell.
Sorry, you're not good enough to have a special ability.
Casting: Beastly Appendage (safe; 9% risk of failure)
Confirm with . or Enter, or press ? or * to list all spells.
You miscast Beastly Appendage.
You are very lightly contaminated with residual magic.
Nothing appears to happen.
The orc completely misses you. The orc closely misses you.
Casting: Beastly Appendage (safe; 9% risk of failure)
Confirm with . or Enter, or press ? or * to list all spells.
You grow a pair of large bovine horns.
Your feet morph into talons.
Your +1 helmet melds into your body.
The orc hits you from afar with a +0 trident.
* * * LOW HITPOINT WARNING * * *
The orc misses you.
You hit the orc.
You kill the orc!
The orc misses you.
Okay, then.
It was a potion of cancellation.
Your magical effects are unravelling.
You feel magically purged.
Your magical contamination has completely faded away.
Your horns disappear.
Your talons disappear.
Your +1 helmet unmelds from your body.
The orc barely misses you.
It was a potion of attraction.
You feel attractive to monsters. The orc barely misses you.
The orc is attracted toward you.
Casting: Beastly Appendage (safe; 9% risk of failure)
Confirm with . or Enter, or press ? or * to list all spells.
Okay, then.
Casting: Beastly Appendage (safe; 9% risk of failure)
Confirm with . or Enter, or press ? or * to list all spells.
You grow a pair of large bovine horns.
Your feet morph into talons.
Your +1 helmet melds into your body.
The orc misses you.
You hit the orc but do no damage. The orc barely misses you.
You barely miss the orc. You headbutt the orc, but do no damage.
The orc hits you with a +0 trident!
You die...

..........#
#.# #.# #.#
#####.....#
#.# #.# #.#
....'.....#
#.# #.# #.#
#####.....#
#.# #.# #.#
#.....#
#.#####.###.#
#.....#
#.#.....#...#
#####....##
#.#.#####.###
.........#
####.#.# #.#
.......###
#.o@.#.#####.#
.......#
#.##.#.......#
.......# #.
###########
.......## #o
##......## #.
##.......# #.
.'.......+ ..
##.......# #.
#####....#


You could see an orc.

Vanquished Creatures
  A dart slug (D:1)
  4 orcs (D:3)
  6 ball pythons
  An endoplasm (D:1)
  5 giant cockroaches
  5 goblins
  5 hobgoblins
  3 jackals (D:3)
  A quokka (D:2)
  A bat (D:2)
  A frilled lizard (D:1)
  6 kobolds
  5 rats
44 creatures vanquished.

Notes
Turn   | Place    | Note
-------+----------+-------------------------------------------
     0 | D:1      | DskReedErrur the Demonspawn Transmuter began the quest for
                  | the Orb.
     0 | D:1      | Reached XP level 1. HP: 15/15 MP: 3/3
   529 | D:1      | Gained mutation: You may rarely emit foul miasma when
                  | damaged in melee. [demonic ancestry]
   529 | D:1      | Reached XP level 2. HP: 21/21 MP: 3/5
   898 | D:1      | Reached skill level 1 in Poison Magic
  1025 | D:1      | Learned a level 2 spell: Wereblood
  1194 | D:2      | Gained mutation: You have a small tail. [demonic ancestry]
  1194 | D:2      | Reached XP level 3. HP: 26/26 MP: 6/6
  1691 | D:2      | Learned a level 3 spell: Spider Form
  2005 | D:3      | Slain by an orc

Illustrated notes

Levels and vault maps discovered:
D:1:      co_arrival_square_in_a_square_in_a_square, layout_basic,
          nicolae_hexahallways
D:2:      layout_loops_ring, serial_bayou_pond_d
D:3:      layout_basic, serial_shops, nicolae_shop_advertising_works
          [nicolae_subvault_shop_adworks], uniq_grinder

Skill      XL: |  1  2 |
---------------+-------+-----
Transmutations | 2 |  2.5
Dodging        | 2 |  2.1
Poison Magic   | 1 |  1.9
Fighting       | |  1.0
Unarmed Combat | |  2.7
Spellcasting   | |  2.2

Action                     || total
---------------------------++-------
  Melee: Unarmed           ||    29
         Dagger            ||   101
         Kick              ||     8
         Headbutt          ||     4
         Punch             ||     3
         Tailslap          ||     8
   Cast: Beastly Appendage ||    10
    Use: Scroll            ||     8
         Potion            ||     2
   Stab: Sleeping          ||     1
 Armour: Robe              ||    22
  Dodge: Dodged            ||    83

Table legend: (Time is in decaauts)
 A = Elapsed time spent in this place.
 B = Non-inter-level travel time spent in this place.
 C = Inter-level travel time spent in this place.
 D = Time resting spent in this place.
 E = Time spent auto-exploring this place.
 F = Levels seen in this place.
 G = Mean time per level.
                   A        B        C        D        E       F      G
               +--------+--------+--------+--------+--------+-----+--------+
         Total |   2002 |   1956 |     46 |    108 |   1460 |   3 |  667.3 |
       Dungeon |   2002 |   1956 |     46 |    108 |   1460 |   3 |  667.3 |
               +--------+--------+--------+--------+--------+-----+--------+

Top non-repeatable levels by time:
     D:1: 1024 daAuts
     D:2: 684 daAuts
     D:3: 292 daAuts
